 Dungeon Crawl Stone Soup version 0.32-a0-981-g384da2ce10 (webtiles) character file.

Game seed: 3822336783266913825

48 Cancer the Changeling (level 3, 0/23 HPs)
             Began as an Octopode Shapeshifter on Apr 21, 2024.
             Slain by Jessica
             ... wielding a +0 dagger
              (5 damage)
             ... on level 2 of the Dungeon.
             The game lasted 00:02:05 (1318 turns).

Cancer the Changeling (Octopode Shapeshifter)       Turns: 1318, Time: 00:02:05

Health: 0/23       AC:  1    Str: 15    XL:     3   Next: 72%
Magic:  3/3        EV: 12    Int: 12    God:
Gold:   85         SH:  0    Dex: 11    Spells: 2/2 levels left

rFire   . . .        g - +3 whip (elec)
rCold   . . .        (no shield)
rNeg    . . .        (helmet currently unavailable)
rPois   .            (no amulet)
rElec   .            (no ring)
rCorr   .            (no ring)
SInv    .            (no ring)
Will    .....        (no ring)
Stlth   +++          (no ring)
HPRegen 0.23/turn    (no ring)
MPRegen 0.08/turn    (no ring)
                     (no ring)

%: no passive effects
@: beast-form
A: beast (slay +2), almost no armour, amphibious, 8 rings, camouflage 1,
gelatinous body 1, (nimble swimmer 1), tentacles
a: Begin Untransformation


You were on level 2 of the Dungeon.
You were a hulking beast.
You visited 1 branch of the dungeon, and saw 2 of its levels.

You collected 85 gold pieces.

Inventory:

Hand Weapons
 g - a +3 whip of electrocution (weapon)
Talismans
 b - a beast talisman (active)
 c - a flux talisman
Scrolls
 d - a scroll of revelation {unknown}
 e - 4 scrolls of identify {unknown}
 f - a scroll of blinking {unknown}
Potions
 a - 2 potions of lignification


   Skills:
 - Level 1.0 Fighting
 - Level 2.0 Dodging
 - Level 3.0 Stealth
 - Level 3.0 Unarmed Combat
 + Level 3.8 Shapeshifting


You had 2 spell levels left.
You didn't know any spells.
Your spell library was empty.

Dungeon Overview and Level Annotations

Branches:
Dungeon (2/15)

Altars:

Shops:
D:2 =

Annotations:
D:2 Jessica, Natasha


Innate Abilities, Weirdness & Mutations

You are a hulking beast.
Your limbs bulge with bestial killing power. (Slay +2)
You cannot wear most types of armour.
You are amphibious.
You can wear up to eight rings at the same time.
Your skin changes colour to match your surroundings (Stealth+).
Your rubbery body absorbs attacks. (AC +1, EV +1)
((You are camouflaged when in or above water. (Stealth+)))
You have tentacles for arms and can constrict up to eight enemies at once.


Message History

You constrict the goblin.
You kill the goblin!
The endoplasm freezes you.
You are frozen.
You hit the endoplasm.
The endoplasm is almost dead.
The endoplasm barely misses you.
You hit the endoplasm.
Lightning courses through the endoplasm!
You kill the endoplasm!
You barely miss the frilled lizard. You grab the frilled lizard.
You constrict the frilled lizard.
The frilled lizard bites you but does no damage.
The kobold hits you with a +0 rapier.
You hit the frilled lizard.
Lightning courses through the frilled lizard!
You kill the frilled lizard!
The kobold closely misses you.
You miss the kobold. You grab the kobold. You constrict the kobold.
The kobold barely misses you.
You whack the kobold!
You kill the kobold!
No target in view!
Jessica the Apprentice Sorceress comes into view.
She is wielding a +0 dagger.
Things that are here:
14 gold pieces; a +0 rapier; 4 stones Jessica is nearby!
Jessica is nearby!
You closely miss Jessica.
Jessica shouts!
Your grab misses Jessica. Jessica hits you with a +0 dagger!
Jessica casts a spell.
Jessica blinks!
Jessica is nearby!
Jessica gestures at you while chanting. Pain shoots through your body!
* * * LOW HITPOINT WARNING * * *
Jessica shouts, "You're disturbing me!
I'll have to kill you!" Jessica hits you with a +0 dagger.
You die...

#.# ####. # ..#.
## .##. .. ....
.##.... ...
###.###.....
....#.....#... .#
.....#.....#@#...#
.......>...h.....#
....#.....#.....+
#..#..)$.#.#...#
#..###.###.#...#
#..............#
####..##.##... #
##.# .# #. #....#
. ####.#


You could see Jessica.

Vanquished Creatures
  4 dart slugs
  2 bats (D:1)
  4 endoplasms
  A giant cockroach (D:1)
  7 goblins
  3 hobgoblins (D:1)
  4 jackals (D:1)
  2 kobolds
  2 quokkas (D:1)
  A ball python (D:1)
  2 frilled lizards
  2 rats (D:1)
34 creatures vanquished.

Notes
Turn   | Place    | Note
-------+----------+-------------------------------------------
     0 | D:1      | Cancer the Octopode Shapeshifter began the quest for the
                  | Orb.
     0 | D:1      | Reached XP level 1. HP: 13/13 MP: 1/1
    48 | D:1      | Reached skill level 1 in Stealth
    52 | D:1      | Reached XP level 2. HP: 17/18 MP: 2/2
   464 | D:1      | Reached XP level 3. HP: 23/23 MP: 3/3
  1116 | D:2      | Found Weteahes's Jewellery Boutique.
  1120 | D:2      | Noticed Natasha
  1310 | D:2      | Noticed Jessica
  1318 | D:2      | Slain by Jessica

Illustrated notes

Levels and vault maps discovered:
D:1:      sevenhm_arrival_forest_fort_small_3, layout_loops_corners,
          minmay_domino_2
D:2:      layout_basic, serial_shops, shop_statue,
          hellmonk_ecumenical_altar_lost_god, st_stairs_3, minmay_misc_feat_iff,
          reono_crystal_passage, serial_bayou_pond_e, nrook_mini_backslash,
          nicolae_houndstooth_variations, uniq_jessica, uniq_natasha

Skill      XL: |  1  2  3 |
---------------+----------+-----
Stealth        | 1 2 3 |  3.0
Fighting       | |  1.0
Dodging        | |  2.0
Unarmed Combat | |  3.0
Shapeshifting  | |  3.8

Action                     || total
---------------------------++-------
  Melee: Unarmed           ||    31
         Tentacles         ||     6
         Constrict         ||    19
         Whip              ||    31
         Punch             ||     1
   Stab: Sleeping          ||     8
 Armour: Skin              ||    19
  Dodge: Dodged            ||    25

Table legend: (Time is in decaauts)
 A = Elapsed time spent in this place.
 B = Non-inter-level travel time spent in this place.
 C = Inter-level travel time spent in this place.
 D = Time resting spent in this place.
 E = Time spent auto-exploring this place.
 F = Levels seen in this place.
 G = Mean time per level.
                   A        B        C        D        E       F      G
               +--------+--------+--------+--------+--------+-----+--------+
         Total |   1319 |   1164 |    155 |      0 |    950 |   2 |  659.5 |
       Dungeon |   1319 |   1164 |    155 |      0 |    950 |   2 |  659.5 |
               +--------+--------+--------+--------+--------+-----+--------+

Top non-repeatable levels by time:
     D:1: 1059 daAuts
     D:2: 259 daAuts
